[ AOE2 MATCH · #504728236 ]
UnrankedByzantines vs Malay
Rival team · LOSS
[ REPLAY ANALYSIS · EXTRACTED FROM THE RECORDED GAME ]
Feudal
10:55
Castle
15:56
Imperial
32:08
| APM avg | 65.3 |
| APM peak | 104 |
| eAPM avg | 40.7 |
| Villagers / military | 129 / 284 |
Focus
⚔️ 47.1% · 🌾 52.9%
Skirmisher ×131 · Archer ×85 · Spearman ×38 · Cataphract ×6 · Bombard Cannon ×6 · Militia ×5
Feudal
9:17
Castle
20:55
Imperial
32:50
| APM avg | 56.6 |
| APM peak | 108 |
| eAPM avg | 30.4 |
| Villagers / military | 197 / 266 |
Focus
⚔️ 36.8% · 🌾 63.2%
Skirmisher ×109 · Archer ×64 · Karambit Warrior ×49 · Battle Elephant ×25 · Bombard Cannon ×5 · Cavalry Archer ×5
Match map
Initial resources + every placement click. Lines = walls · curves = elevation contours. ◆ gold · ⬟ stone · ● berries · ✦ relic · ◌ wall gap
Your base· ✓ Closed at 15:56 · 22t walls · no gate
Ceeelebrate's base· Open — opponent sealed themselves in
Smoothed initial terrain · ◌ = detected wall gap · hover for details
Inputs per minute
— Mettiu - - Ceeelebrate
Build order — Mettiu
First 150 of 458 actions detected
| 0:00 | Create | Villager (Male) ×4 |
| 0:01 | Build | House |
| 0:02 | Build | House |
| 0:15 | Research | Loom |
| 0:16 | Create | Villager (Male) |
| 0:17 | Create | Villager (Male) |
| 0:24 | Create | Villager (Male) |
| 0:24 | Create | Villager (Male) |
| 1:37 | Build | Palisade Gate |
| 1:48 | Build | Palisade Wall |
| 1:49 | Create | Villager (Male) |
| 1:54 | Build | Palisade Wall |
| 1:55 | Build | Palisade Wall |
| 1:55 | Build | Palisade Wall |
| 2:24 | Build | Palisade Wall |
| 2:25 | Build | Palisade Wall |
| 2:27 | Build | Palisade Wall |
| 2:33 | Create | Villager (Male) |
| 2:44 | Build | Lumber Camp |
| 2:56 | Create | Villager (Male) |
| 3:19 | Create | Villager (Male) |
| 3:46 | Create | Villager (Male) |
| 4:04 | Create | Villager (Male) |
| 4:20 | Create | Villager (Male) |
| 4:50 | Create | Villager (Male) |
| 5:04 | Create | Villager (Male) |
| 5:26 | Create | Villager (Male) |
| 5:30 | Build | House |
| 5:40 | Build | House |
| 5:43 | Create | Villager (Male) |
| 6:01 | Create | Villager (Male) |
| 6:53 | Create | Villager (Male) |
| 6:56 | Create | Villager (Male) |
| 7:04 | Build | Mill |
| 7:10 | Create | Villager (Male) |
| 7:11 | Create | Villager (Male) |
| 7:35 | Create | Villager (Male) |
| 8:01 | Create | Villager (Male) |
| 8:24 | Build | Mining Camp |
| 8:31 | Research | Feudal Age |
| 9:08 | Create | Villager (Male) |
| 9:08 | Create | Villager (Male) |
| 9:15 | Build | House |
| 9:38 | Build | Palisade Wall |
| 9:41 | Build | Palisade Wall |
| 9:43 | Build | Palisade Wall |
| 9:44 | Build | Palisade Wall |
| 10:07 | Build | Palisade Wall |
| 10:07 | Build | Palisade Wall |
| 10:15 | Build | Palisade Wall |
| 10:17 | Build | Palisade Wall |
| 10:17 | Build | Palisade Wall |
| 10:55 | Age | Feudal Age |
| 11:02 | Build | Watch Tower |
| 11:12 | Build | Market |
| 11:19 | Create | Villager (Male) |
| 12:03 | Build | Stone Wall |
| 12:10 | Create | Villager (Male) |
| 12:16 | Build | Blacksmith |
| 12:35 | Create | Villager (Male) |
| 13:17 | Research | Castle Age |
| 13:54 | Build | House |
| 13:57 | Research | Double-Bit Axe |
| 14:15 | Create | Villager (Male) |
| 15:04 | Build | Stone Wall |
| 15:56 | Age | Castle Age |
| 15:57 | Build | Siege Workshop |
| 16:00 | Build | Monastery |
| 16:02 | Research | Bow Saw |
| 16:02 | Research | Bow Saw |
| 16:04 | Create | Villager (Male) |
| 16:24 | Create | Mangonel |
| 16:37 | Create | Monk |
| 16:44 | Create | Villager (Male) |
| 17:03 | Create | Mangonel |
| 17:04 | Create | Villager (Male) |
| 17:22 | Create | Villager (Male) |
| 17:33 | Create | Villager (Male) |
| 17:46 | Create | Villager (Male) |
| 17:59 | Create | Villager (Male) |
| 18:00 | Create | Mangonel |
| 18:05 | Build | House |
| 18:09 | Create | Villager (Male) |
| 18:41 | Create | Villager (Male) |
| 18:49 | Create | Villager (Male) |
| 18:58 | Build | Mining Camp |
| 19:11 | Build | House |
| 20:05 | Create | Scorpion |
| 20:29 | Build | Gate |
| 21:16 | Build | Gate |
| 21:24 | Create | Monk |
| 21:27 | Build | Town Center |
| 21:38 | Build | Town Center |
| 21:44 | Create | Villager (Male) |
| 21:44 | Create | Villager (Male) |
| 21:48 | Build | Farm |
| 21:50 | Build | Farm |
| 21:54 | Build | Farm |
| 21:56 | Build | Farm |
| 22:07 | Build | Farm |
| 22:10 | Build | Farm |
| 22:11 | Build | House |
| 22:16 | Build | Outpost |
| 22:19 | Build | Farm |
| 22:34 | Create | Villager (Male) |
| 22:34 | Create | Villager (Male) |
| 22:41 | Build | Farm |
| 23:01 | Build | Farm |
| 23:04 | Build | Farm |
| 23:05 | Build | Farm |
| 23:09 | Create | Villager (Male) |
| 23:10 | Build | Farm |
| 23:22 | Build | Farm |
| 23:23 | Build | Farm |
| 23:26 | Build | Farm |
| 23:28 | Create | Villager (Male) |
| 23:28 | Create | Villager (Male) |
| 23:30 | Build | Farm |
| 23:42 | Create | Villager (Male) |
| 23:57 | Create | Villager (Male) |
| 24:04 | Build | Farm |
| 24:06 | Build | Farm |
| 24:07 | Create | Villager (Male) |
| 24:09 | Build | Farm |
| 24:13 | Build | Farm |
| 24:20 | Build | Farm |
| 24:21 | Build | Farm |
| 24:22 | Build | Farm |
| 24:28 | Build | Farm |
| 24:30 | Create | Villager (Male) |
| 24:30 | Create | Villager (Male) |
| 24:35 | Build | House |
| 24:38 | Create | Villager (Male) |
| 24:43 | Build | Farm |
| 24:51 | Create | Villager (Male) |
| 24:53 | Build | Farm |
| 24:57 | Create | Villager (Male) ×2 |
| 25:05 | Create | Villager (Male) |
| 25:06 | Build | Farm |
| 25:18 | Create | Villager (Male) |
| 25:20 | Create | Villager (Male) |
| 25:21 | Build | Farm |
| 25:22 | Build | Farm |
| 25:23 | Build | Farm |
| 25:33 | Build | Farm |
| 25:35 | Create | Villager (Male) |
| 25:38 | Build | Farm |
| 25:40 | Create | Villager (Male) |
| 25:48 | Research | Wheelbarrow |
| 26:03 | Build | Farm |
Build order — Ceeelebrate
First 150 of 644 actions detected
| 0:00 | Create | Villager (Male) |
| 0:01 | Create | Villager (Male) |
| 0:02 | Build | House |
| 0:17 | Research | Loom |
| 0:17 | Create | Villager (Male) |
| 0:17 | Create | Villager (Male) |
| 0:18 | Create | Villager (Male) |
| 1:39 | Build | Palisade Wall |
| 1:40 | Build | Palisade Wall |
| 1:41 | Build | Palisade Wall |
| 1:43 | Build | Palisade Wall |
| 1:44 | Build | Palisade Wall |
| 1:53 | Create | Villager (Male) |
| 2:28 | Build | Palisade Wall |
| 2:32 | Create | Villager (Male) |
| 2:37 | Build | House |
| 2:44 | Build | Lumber Camp |
| 2:56 | Create | Villager (Male) |
| 3:24 | Create | Villager (Male) |
| 3:49 | Create | Villager (Male) |
| 3:49 | Create | Villager (Male) |
| 4:07 | Create | Villager (Male) |
| 4:30 | Build | House |
| 4:33 | Create | Villager (Male) |
| 4:33 | Create | Villager (Male) |
| 5:16 | Create | Villager (Male) |
| 5:16 | Create | Villager (Male) |
| 5:45 | Create | Villager (Male) |
| 5:46 | Create | Villager (Male) |
| 6:32 | Create | Villager (Male) |
| 6:53 | Build | House |
| 6:56 | Create | Villager (Male) |
| 7:00 | Build | Barracks |
| 7:34 | Create | Villager (Male) |
| 7:34 | Create | Villager (Male) |
| 7:59 | Research | Feudal Age |
| 8:08 | Build | Mining Camp |
| 8:15 | Create | Militia |
| 8:39 | Create | Militia |
| 8:39 | Create | Militia |
| 8:59 | Build | Mining Camp |
| 9:17 | Create | Villager (Male) |
| 9:17 | Age | Feudal Age |
| 9:35 | Build | Watch Tower |
| 9:42 | Create | Villager (Male) |
| 9:47 | Build | House |
| 9:53 | Research | Man-at-Arms (upgrade) |
| 10:23 | Create | Villager (Male) |
| 10:53 | Create | Villager (Male) |
| 10:56 | Build | Archery Range |
| 11:31 | Create | Villager (Male) |
| 11:42 | Build | House |
| 11:42 | Build | House |
| 11:52 | Create | Archer |
| 11:52 | Create | Archer |
| 11:52 | Create | Villager (Male) |
| 12:01 | Create | Archer |
| 12:29 | Create | Villager (Male) |
| 12:29 | Create | Villager (Male) |
| 12:36 | Build | Mill |
| 12:50 | Build | Mill |
| 12:53 | Create | Villager (Male) |
| 13:04 | Create | Archer |
| 13:15 | Create | Archer |
| 13:19 | Create | Villager (Male) |
| 13:42 | Create | Villager (Male) |
| 13:43 | Create | Villager (Male) |
| 13:53 | Create | Villager (Male) |
| 14:01 | Create | Archer |
| 14:11 | Create | Villager (Male) |
| 14:11 | Create | Villager (Male) |
| 14:15 | Build | Farm |
| 14:16 | Build | Farm |
| 14:17 | Create | Villager (Male) |
| 14:26 | Build | House |
| 14:27 | Build | Farm |
| 14:28 | Build | Farm |
| 14:38 | Create | Archer |
| 14:46 | Create | Villager (Male) |
| 15:18 | Create | Villager (Male) |
| 15:25 | Build | Watch Tower |
| 15:28 | Create | Villager (Male) |
| 15:30 | Build | House |
| 15:34 | Build | Farm |
| 15:49 | Research | Double-Bit Axe |
| 15:50 | Research | Double-Bit Axe |
| 15:54 | Research | Horse Collar |
| 16:05 | Create | Villager (Male) |
| 16:15 | Create | Archer |
| 16:26 | Build | Watch Tower |
| 16:34 | Create | Villager (Male) |
| 17:06 | Build | Blacksmith |
| 17:07 | Create | Villager (Male) |
| 17:13 | Create | Archer |
| 17:22 | Create | Villager (Male) |
| 17:28 | Create | Villager (Male) |
| 17:48 | Research | Fletching |
| 17:50 | Build | Lumber Camp |
| 18:07 | Create | Villager (Male) |
| 18:40 | Create | Villager (Male) |
| 18:44 | Build | Market |
| 18:48 | Build | House |
| 18:50 | Research | Town Watch |
| 18:54 | Build | House |
| 19:19 | Research | Castle Age |
| 19:30 | Build | Lumber Camp |
| 20:16 | Build | House |
| 20:17 | Create | Villager (Male) |
| 20:55 | Age | Castle Age |
| 20:58 | Create | Villager (Male) |
| 21:08 | Create | Villager (Male) |
| 21:12 | Build | Siege Workshop |
| 21:21 | Create | Villager (Male) |
| 21:31 | Create | Villager (Male) |
| 21:35 | Build | Farm |
| 21:37 | Build | Farm |
| 21:40 | Build | Farm |
| 21:43 | Build | Farm |
| 21:48 | Build | Town Center |
| 21:49 | Create | Villager (Male) |
| 21:49 | Create | Villager (Male) |
| 21:56 | Create | Mangonel |
| 21:59 | Create | Villager (Male) |
| 22:10 | Build | House |
| 22:23 | Create | Villager (Male) |
| 22:41 | Build | Town Center |
| 22:42 | Create | Villager (Male) |
| 23:13 | Create | Villager (Male) |
| 23:24 | Build | House |
| 23:25 | Create | Villager (Male) |
| 23:28 | Build | Farm |
| 23:28 | Build | Farm |
| 23:29 | Build | Farm |
| 23:32 | Create | Villager (Male) |
| 23:56 | Create | Mangonel |
| 23:57 | Create | Villager (Male) |
| 24:01 | Build | House |
| 24:04 | Create | Villager (Male) |
| 24:07 | Build | Farm |
| 24:11 | Build | Farm |
| 24:13 | Build | Farm |
| 24:25 | Create | Villager (Male) |
| 24:30 | Build | Farm |
| 24:33 | Build | Farm |
| 24:36 | Create | Villager (Male) |
| 24:48 | Create | Villager (Male) |
| 24:52 | Research | Bow Saw |
| 25:00 | Research | Wheelbarrow |
| 25:00 | Research | Wheelbarrow |
| 25:17 | Create | Villager (Male) |
Match timeline
| 1:39 | Ceeelebrate · wall_segment Palisade Wall x1 |
| 1:40 | Ceeelebrate · wall_segment Palisade Wall x1 |
| 1:41 | Ceeelebrate · wall_segment Palisade Wall x1 |
| 1:43 | Ceeelebrate · wall_segment Palisade Wall x1 |
| 1:44 | Ceeelebrate · wall_segment Palisade Wall x1 |
| 1:48 | Mettiu · wall_segment Palisade Wall x2 |
| 1:54 | Mettiu · wall_segment Palisade Wall x1 |
| 1:55 | Mettiu · wall_segment Palisade Wall x1 |
| 1:55 | Mettiu · wall_segment Palisade Wall x1 |
| 2:24 | Mettiu · wall_segment Palisade Wall x1 |
| 2:25 | Mettiu · wall_segment Palisade Wall x1 |
| 2:27 | Mettiu · wall_segment Palisade Wall x1 |
| 2:28 | Ceeelebrate · wall_segment Palisade Wall x1 |
| 7:00 | Ceeelebrate · first_building Barracks |
| 9:17 | Ceeelebrate · age_up feudal |
| 9:38 | Mettiu · wall_segment Palisade Wall x2 |
| 9:41 | Mettiu · wall_segment Palisade Wall x2 |
| 9:43 | Mettiu · wall_segment Palisade Wall x3 |
| 9:44 | Mettiu · wall_segment Palisade Wall x1 |
| 10:07 | Mettiu · wall_segment Palisade Wall x1 |
| 10:07 | Mettiu · wall_segment Palisade Wall x1 |
| 10:15 | Mettiu · wall_segment Palisade Wall x1 |
| 10:17 | Mettiu · wall_segment Palisade Wall x1 |
| 10:17 | Mettiu · wall_segment Palisade Wall x1 |
| 10:55 | Mettiu · age_up feudal |
| 10:56 | Ceeelebrate · first_building Archery Range |
| 12:03 | Mettiu · wall_segment Stone Wall x2 |
| 15:04 | Mettiu · wall_segment Stone Wall x3 |
| 15:56 | Mettiu · age_up castle |
| 15:57 | Mettiu · first_building Siege Workshop |
| 16:00 | Mettiu · first_building Monastery |
| 17:03 | Mettiu · first_market_sell 100 food |
| 19:18 | Ceeelebrate · first_market_buy 100 food |
| 20:55 | Ceeelebrate · age_up castle |
| 21:12 | Ceeelebrate · first_building Siege Workshop |
| 21:37 | Mettiu · first_market_buy 100 stone |
| 28:18 | Ceeelebrate · first_building Monastery |
| 29:36 | Mettiu · first_building Castle |
| 29:48 | Mettiu · first_building Barracks |
| 30:40 | Mettiu · first_building Archery Range |
| 30:51 | Ceeelebrate · first_building Castle |
| 32:08 | Mettiu · age_up imperial |
| 32:50 | Ceeelebrate · age_up imperial |
| 33:08 | Ceeelebrate · first_market_sell 100 wood |
| 40:01 | Ceeelebrate · first_building Stable |
| 41:45 | Mettiu · first_building Stable |
| 46:58 | Ceeelebrate · resign |
[ AI ANALYSIS · 1 CREDIT ]
What really happened in this match?
Wolo.gg analyzes every decision: build order, eco, micro, common mistakes by bracket. Personalized analysis on WhatsApp or Discord in 30 seconds.
Civ guide
Byzantines
Perfil
Jugador #211777